 Dungeon Crawl Stone Soup version 0.22-a0-445-g8c8ef71062 (webtiles) character file.

14 JackS81 the Chopper (level 2, 0/22 HPs)
             Began as a Demonspawn Gladiator on June 2, 2018.
             Slain by Natasha (6 damage)
             ... on level 2 of the Dungeon.
             The game lasted 00:02:32 (732 turns).

JackS81 the Chopper (Demonspawn Gladiator)           Turns: 732, Time: 00:02:34

Health: 0/22       AC:  4    Str: 14    XL:     2   Next: 31%
Magic:  2/2        EV: 13    Int:  9    God:
Gold:   37         SH:  0    Dex: 14    Spells: 1/1 levels left

rFire    . . .     SeeInvis .   a - +0 war axe
rCold    . . .     Gourm    .   (no shield)
rNeg     . . .     Faith    .   b - +0 leather armour
rPois    .         Spirit   .   c - +0 helmet
rElec    .         Reflect  .   (no cloak)
rCorr    .         Harm     .   (no gloves)
MR       .....                  (no boots)
Stlth    +.........             (no amulet)
HPRegen  0.07/turn              (no ring)
MPRegen  0.08/turn              (no ring)

@: lethally poisoned (0 -> -4)
A: claws 1
a: no special abilities


You were on level 2 of the Dungeon.
You were not hungry.

You visited 1 branch of the dungeon, and saw 2 of its levels.

You collected 37 gold pieces.

Inventory:

Hand Weapons
 a - a +0 war axe (weapon)
Missiles
 d - 3 throwing nets (quivered)
 j - 32 arrows
Armour
 b - a +0 leather armour (worn)
 c - a +0 helmet (worn)
Scrolls
 e - a scroll of remove curse {unknown}
 g - 2 scrolls of noise {unknown}
 i - 3 scrolls of identify {unknown}
 k - 3 scrolls of amnesia {unknown}
Potions
 h - a potion of agility {unknown}
 l - a potion of magic {unknown}
Comestibles
 f - a ration
 m - a chunk of flesh


   Skills:
 - Level 2.0 Fighting
 * Level 3.0 Axes
 - Level 1.7 Throwing
 * Level 0.4 Armour
 * Level 3.0 Dodging


You had one spell level left.
You didn't know any spells.
Your spell library was empty.

Dungeon Overview and Level Annotations

Branches:
Dungeon (2/15)

Altars:

Annotations:
D:2 Natasha


Innate Abilities, Weirdness & Mutations

You have sharp fingernails.


Message History

You barely miss Natasha.
Natasha is heavily wounded.
Your leather armour prevents you from hitting the adder.
Natasha claws you. The adder bites you.
Natasha casts a spell.
The adder bites you.
You barely miss Natasha.
Natasha is heavily wounded.
You miss the adder. You barely miss the crimson imp. The adder bites you.
You are poisoned.
The adder poisons you!
Natasha stares at you and mumbles some strange words.
The magic dart hits you! The crimson imp barely misses you.
You barely miss Natasha.
Natasha is heavily wounded.
You hit the adder but do no damage. You barely miss the crimson imp.
You feel sick. The adder barely misses you. Natasha barely misses you.
The crimson imp blinks!
The adder bites you but does no damage. Natasha claws you.
You die...

....... ..... ###. .....
# #.... .... # .....
#..### #####
..<...#....# ######....
......#S##.####.........
......#@##.#.......#####
......h.5.....######
........#...###
..$...#...#.# ####
...[.....##.# ...#
.....##.###.. #..# ....#
#.. ##.. .###.. ..##
#.#> ... ...... . #.#..
#### .#####


You could see Natasha, a crimson imp and an adder.

Vanquished Creatures
  A ball python (D:1)
  3 giant cockroaches
  6 bats
  2 kobolds
  3 rats
15 creatures vanquished.

Notes
Turn   | Place    | Note
-------+----------+-------------------------------------------
     0 | D:1      | JackS81 the Demonspawn Gladiator began the quest for the Orb.
     0 | D:1      | Reached XP level 1. HP: 16/16 MP: 1/1
   449 | D:1      | Gained mutation: You have sharp fingernails. [demonic ancestry]
   449 | D:1      | Reached XP level 2. HP: 22/22 MP: 2/2
   721 | D:2      | Noticed Natasha
   730 | D:2      | Noticed a crimson imp
   731 | D:2      | Noticed a crimson imp
   732 | D:2      | Slain by Natasha

Vault maps used:
D:1:      sevenhm_arrival_forest_fort_large_2
D:2:      uniq_natasha

Skill      XL: |  1  2 |
---------------+-------+-----
Axes           | 3 |  3.0
Dodging        | 3 |  3.0
Fighting       | |  2.0
Throwing       | |  1.7
Armour         | |  0.4

Action                   || total
-------------------------++-------
Melee: War axe           ||    36
Armor: Leather armour    ||    23
Dodge: Dodged            ||    43

Table legend:
 A = Spawn XP
 B = Non-spawn XP
 C = Spawn XP percentage of total XP
 D = Spawn monster count
 E = Non-spawn monster count
 F = Spawn count percentage of total count
 G = Total turns spent on level
                    A         B        C        D         E        F      G
               +---------+---------+-------+---------+---------+-------+---------
         Total |       0 |      21 |   0.0 |       0 |      15 |   0.0 |   732
               +---------+---------+-------+---------+---------+-------+---------
           D:1 |       0 |      13 |   0.0 |       0 |       9 |   0.0 |   602
           D:2 |       0 |       8 |   0.0 |       0 |       6 |   0.0 |   130
               +---------+---------+-------+---------+---------+-------+---------
